 Dungeon Crawl Stone Soup version 0.31-a0-237-g2d982f9f85 (webtiles) character file.

Game seed: 16126780961413934506

66 qw the Shooter (level 4, -4/26 HPs)
             Began as a Gargoyle Hexslinger on July 10, 2023.
             Slain by a gnoll sergeant
             ... wielding a +0 spear of venom
              (9 damage)
             ... on level 3 of the Dungeon.
             The game lasted 00:00:30 (1877 turns).

qw the Shooter (Gargoyle Hexslinger)                Turns: 1877, Time: 00:00:31

Health: -4/26      AC:  6    Str: 11    XL:     4   Next: 15%
Magic:  5/5        EV: 11    Int: 14    God:
Gold:   129        SH:  0    Dex: 14    Spells: 4/5 levels left

rFire   . . .        Y - +2 sling
rCold   . . .        (no shield)
rNeg    + . .        a - +0 leather armour
rPois   inf          (no helmet)
rElec   +            (no cloak)
rCorr   .            (no gloves)
SInv    .            (no boots)
Will    .....        (no amulet)
Stlth   +            (no ring)
HPRegen 0.24/turn    (no ring)
MPRegen 0.09/turn

%: no passive effects
@: no status effects
A: sickness immunity, AC +3, negative energy resistance 1, electricity
resistance, torment resistance 1, petrification resistance
a: no special abilities


You were on level 3 of the Dungeon.
You visited 1 branch of the dungeon, and saw 3 of its levels.

You collected 165 gold pieces.
You spent 36 gold pieces at shops.


Innate Abilities, Weirdness & Mutations

You are immune to sickness and miasma.
Your stone body is resilient. (AC +3)
You are immune to poison.
You resist negative energy. (rN+)
You are resistant to electric shocks. (rElec)
You are resistant to unholy torment.
You are immune to petrification.


   Skills:
 - Level 2.2 Fighting
 + Level 3.8 Ranged Weapons
 - Level 1.5 Dodging
 - Level 1.0 Spellcasting
 - Level 2.6 Hexes


You had 4 spell levels left.
You knew the following spells:

 Your Spells              Type           Power      Damage    Failure   Level
a - Slow                  Hex            32%        N/A       12%         1

Your spell library contained the following spells:

 Spells                   Type           Power      Damage    Failure   Level
 Inner Flame              Hex/Fire       4%         N/A       52%         3
 Portal Projectile        Hex/Tloc       8%         N/A       52%         3
 Cause Fear               Hex            4%         N/A       75%         4

Inventory:

Hand Weapons
 Y - a +2 sling (weapon)
Armour
 a - a +0 leather armour (worn)
Potions
 b - a potion of haste {unknown}
 c - a potion of might {unknown}
 d - a potion of curing {unknown}
 e - a potion of ambrosia {unknown}
 h - a potion of mutation {unknown}

Dungeon Overview and Level Annotations

Branches:
Dungeon (3/15)

Altars:

Shops:
D:3 *


Message History

You shoot a sling bullet. The sling bullet hits the gnoll.
The gnoll is severely wounded.
A gnoll sergeant comes into view. It is wielding a +0 spear of venom.
You shoot a sling bullet.
The sling bullet completely misses the gnoll.
The gnoll sergeant shouts!
The sling bullet hits the gnoll but does no damage.
You shoot a sling bullet. The sling bullet hits the gnoll.
The gnoll is almost dead.
A gnoll comes into view. It is wielding a +0 club.
The gnoll barely misses you.
You shoot a sling bullet. The gnoll shouts!
The sling bullet hits the gnoll.
You kill the gnoll!
The gnoll hits you from afar with a +0 halberd!
You have reached level 4!
You feel clever.
You shoot a sling bullet.
The sling bullet barely misses the gnoll.
The sling bullet barely misses the gnoll sergeant.
The sling bullet hits the gnoll.
The gnoll is moderately wounded.
The gnoll hits you from afar with a +0 halberd.
You shoot a sling bullet. The sling bullet hits the gnoll.
The gnoll is heavily wounded.
A gnoll comes into view. It is wielding a +0 spear.
You shoot a sling bullet.
The sling bullet hits the gnoll sergeant but does no damage.
The gnoll sergeant hits you from afar with a +0 spear of venom!
A gnoll comes into view. It is wielding a +0 flail.
You shoot a sling bullet. The gnoll shouts!
The sling bullet hits the gnoll sergeant but does no damage.
The gnoll sergeant hits you from afar with a +0 spear of venom.
You shoot a sling bullet.
The sling bullet barely misses the gnoll sergeant.
The sling bullet hits the gnoll.
The gnoll is severely wounded.
The gnoll sergeant hits you from afar with a +0 spear of venom!
You die...

####################
.ggggg)@...........#
##################.#
#### #.# .... #.#
#### #.# ## #.# .#
#.# .# #.# .######
#.#


You could see a gnoll sergeant and 4 gnolls.

Vanquished Creatures
  A gnoll (D:3)
  2 adders (D:1)
  2 dart slugs
  2 endoplasms
  4 goblins
  6 hobgoblins
  2 kobolds
  2 quokkas
  5 ball pythons
  2 frilled lizards (D:2)
  5 rats
33 creatures vanquished.

Notes
Turn   | Place    | Note
-------+----------+-------------------------------------------
     0 | D:1      | qw the Gargoyle Hexslinger began the quest for the Orb.
     0 | D:1      | Reached XP level 1. HP: 12/12 MP: 2/2
     0 | D:1      | 0 ||| qw: Version: 0.3-a-52-g30416fa
     0 | D:1      | 0 ||| qw: Game counter: 5260
     0 | D:1      | 0 ||| qw: Melee chars always use a shield: true
     0 | D:1      | 0 ||| qw: God list: Okawaru
     0 | D:1      | 0 ||| qw: Allow faded altars: false
     0 | D:1      | 0 ||| qw: Do Orc after clearing Dungeon:15 true
     0 | D:1      | 0 ||| qw: Do second Lair branch before Depths: true
     0 | D:1      | 0 ||| qw: Lair rune preference: random
     0 | D:1      | 0 ||| qw: Goals: Normal
     0 | D:1      | 0 ||| PLANNING D:1-11
    78 | D:1      | Reached XP level 2. HP: 15/16 MP: 3/3
   298 | D:1      | Reached skill level 3 in Ranged Weapons
   892 | D:1      | 892 ||| READING scroll labelled YGAPSA YVURUEBLYH.
   893 | D:1      | 893 ||| READING scroll labelled TOCVUFFAFU.
   894 | D:1      | 894 ||| READING scroll labelled TOYHOSCH JOSUTZ.
   895 | D:1      | 895 ||| READING scroll labelled YNIXKUMOISM.
   896 | D:1      | 896 ||| READING scroll labelled IZOBRI GORO.
   897 | D:1      | 897 ||| DROPPING scroll of poison.
   932 | D:2      | 932 ||| STAIRDANCE
   941 | D:1      | Reached XP level 3. HP: 14/21 MP: 4/4
   983 | D:2      | 983 ||| STAIRDANCE
  1596 | D:2      | 1596 ||| UPGRADING to +0 leather armour.
  1606 | D:2      | 1606 ||| DROPPING +0 robe.
  1607 | D:2      | 1607 ||| READING scroll labelled COIS XAOTAM.
  1708 | D:2      | 1708 ||| READING scroll labelled QOSHRU HUPEXIS.
  1769 | D:3      | Found Tug Xiet's Assorted Antiques.
  1779 | D:3      | 1779 ||| BUYING clear potion (18 gold).
  1779 | D:3      | Bought a clear potion for 18 gold pieces
  1779 | D:3      | 1779 ||| BUYING green potion (18 gold).
  1779 | D:3      | Bought a green potion for 18 gold pieces
  1869 | D:3      | Noticed a gnoll sergeant
  1873 | D:3      | Reached XP level 4. HP: 18/26 MP: 5/5
  1875 | D:3      | HP: 6/26 [gnoll sergeant/+0 spear of venom (9)]
  1877 | D:3      | Slain by a gnoll sergeant

Levels and vault maps discovered:
D:1:      wander_arrival_lonely_grave, layout_basic
D:2:      layout_loops_ring
D:3:      minmay_diamond_boxcup, layout_loops_ring, kennysheep_slug_shrine,
          serial_shops, nicolae_shop_tiny_statue_garden

Skill      XL: |  1  2 |
---------------+-------+-----
Ranged Weapons | 3 |  3.8
Fighting       | 2 |  2.2
Dodging        | |  1.5
Spellcasting   | |  1.0
Hexes          | |  2.6

Action                     |  1- 3 |  4- 6 || total
---------------------------+-------+-------++-------
   Fire: Sling             |   105 |     5 ||   110
    Use: Scroll            |     7 |       ||     7
 Armour: Robe              |    17 |       ||    17
  Dodge: Dodged            |    29 |       ||    29

Table legend:
 A = Non-vault XP
 B = Vault XP
 C = Vault XP percentage of total XP
 D = Non-vault monster count
 E = Vault monster count
 F = Vault count percentage of total count
                 A         B        C        D         E       F
            +---------+---------+-------+---------+---------+-------
      Total |      95 |       0 |   0.0 |      33 |       0 |   0.0
            +---------+---------+-------+---------+---------+-------
        D:1 |      55 |       0 |   0.0 |      18 |       0 |   0.0
        D:2 |      26 |       0 |   0.0 |      14 |       0 |   0.0
        D:3 |      14 |       0 |   0.0 |       1 |       0 |   0.0
            +---------+---------+-------+---------+---------+-------
